Flyers vs Blackhawks
Created - 3 octobre 2014 at 20:19
Goals
|
Flyers |
0 |
2 |
1 |
3 |
Blackhawks |
2 |
1 |
3 |
6 |
|
Shots
|
Flyers |
4 |
22 |
15 |
41 |
Blackhawks |
14 |
4 |
17 |
35 |
|
1st period
1. Blackhawks , Stephane Robidas 1 (Rene Bourque) at 2:25
2. Blackhawks , Kris Versteeg 4 (Scott Gomez, Jamie Langenbrunner) at 5:52
Penalties :
Jeff O'Neill (Phi) for Hooking (Minor) at 10:36, Scott Gomez (Chi) for High sticking (Minor) at 14:40, Kris Versteeg (Chi) for Hooking (Minor) at 17:54, Brett Lebda (Phi) for Hooking (Minor) at 18:42
2nd period
3. Flyers , Brett Lebda 1 (Scott Hannan) at 8:38
4. Flyers , Sydney Crosby 2 (Scottie Upshall, Jonathan Ericsson) at 11:24 (PP)
5. Blackhawks , Kris Versteeg 5 (Brent Burns, Dominic Moore) at 14:06
Penalties :
Sydney Crosby (Phi) for Charging (Minor) at 9:18, Loui Eriksson (Chi) for High sticking (Minor) at 9:34, Brent Burns (Chi) for Interference (Minor) at 11:54
3rd period
6. Blackhawks , Daniel Carcillo 3 (Rene Bourque, Steve McCarthy) at 7:03
7. Blackhawks , Steve Bernier 1 (Loui Eriksson, Robert Nilsson) at 8:57
8. Flyers , Derek Boogaard 1 (Sydney Crosby, Trevor Daley) at 15:20
9. Blackhawks , Jamie Langenbrunner 4 (Scott Gomez) at 16:07
Penalties :
Chris Campoli (Chi) for Hooking (Minor) at 10:14, Johnny Oduya (Chi) for Delaying the game (Minor) at 13:04
Goalie Stats
Chris Mason (Phi), 29 saves from 35 shots - (0,829), L, 0-1-1, 60:00 minutes
Roberto Luongo (Chi), 38 saves from 41 shots - (0,927), W, 3-1-1, 60:00 minutes
Players Stats for Flyers
Player Name G A P +/- PIM S H SB GA TA FO MP PP MP PK MP
------------------------------------------------------------------------------------
Andrei Markov 0 0 0 -1 0 4 1 0 0 2 0/0 25:07 4:15 0:00
Blair Betts 0 0 0 -2 0 0 1 0 0 0 0/0 8:23 0:00 0:50
Brett Lebda 1 0 1 -2 2 1 0 0 0 0 0/0 17:46 4:35 0:37
Derek Boogaard 1 0 1 1 0 4 3 0 2 0 1/2 21:24 5:10 0:18
Jeff O'Neill 0 0 0 -1 2 3 2 2 0 0 10/17 13:23 0:00 0:18
Jonathan Ericsson 0 1 1 -1 0 1 0 0 2 0 0/0 24:47 4:15 2:20
Ladislav Smid 0 0 0 -1 0 1 0 1 1 3 0/0 20:27 0:00 2:25
Matthew Lombardi 0 0 0 -2 0 3 0 2 0 0 2/5 10:05 0:00 1:55
Michael Ryder 0 0 0 -2 0 2 2 0 0 0 0/0 15:00 3:41 0:00
Miroslav Satan 0 0 0 1 0 2 4 1 3 1 0/0 19:47 5:03 0:00
Pascal Dupuis 0 0 0 -1 0 3 0 0 0 0 0/0 13:40 0:00 1:55
Paul Gaustad 0 0 0 -2 0 3 0 2 0 0 6/14 15:10 3:41 0:00
Petr Schastlivy 0 0 0 -2 0 0 0 1 0 0 0/1 8:13 0:00 0:00
Ryane Clowe 0 0 0 -1 0 4 1 0 0 0 0/0 16:13 3:41 0:48
Scott Hannan 0 1 1 -2 0 0 0 1 0 0 0/0 11:23 0:00 0:01
Scottie Upshall 0 1 1 -2 0 3 0 1 0 0 1/1 12:15 0:07 0:00
Sydney Crosby 1 1 2 1 2 7 0 0 1 1 12/27 20:27 5:10 0:02
Trevor Daley 0 1 1 -1 0 0 2 2 0 0 0/0 20:30 4:36 0:43
Players Stats for Blackhawks
Player Name G A P +/- PIM S H SB GA TA FO MP PP MP PK MP
------------------------------------------------------------------------------------
Brad Winchester 0 0 0 1 0 1 1 0 0 0 0/0 8:58 0:00 0:52
Brent Burns 0 1 1 1 2 3 1 0 2 0 0/0 27:22 2:19 2:12
Chris Campoli 0 0 0 2 2 1 1 1 0 0 0/0 15:00 0:44 1:31
Daniel Carcillo 1 0 1 2 0 1 2 0 0 0 0/0 12:08 0:00 2:17
Dominic Moore 0 1 1 2 0 2 1 1 0 1 8/17 16:12 0:00 5:35
George Parros 0 0 0 0 0 4 1 0 1 0 0/0 7:38 0:00 0:00
Jamie Langenbrunner 1 1 2 1 0 5 2 1 1 1 1/1 22:12 1:08 5:33
Jarret Stoll 0 0 0 0 0 0 0 0 0 0 2/3 7:38 0:00 0:00
Johnny Oduya 0 0 0 1 2 2 1 2 2 3 0/0 27:44 2:13 2:09
Kris Versteeg 2 0 2 2 2 5 0 0 1 1 1/2 19:41 1:55 1:01
Loui Eriksson 0 1 1 0 2 3 0 1 0 0 0/1 14:08 1:48 0:00
Rene Bourque 0 2 2 2 0 0 2 1 0 0 0/0 11:57 1:14 0:00
Robert Nilsson 0 1 1 0 0 4 1 0 0 0 7/10 18:15 1:55 2:17
Scott Gomez 0 2 2 1 2 1 0 0 0 0 16/33 16:47 1:08 0:07
Stephane Robidas 1 0 1 2 0 1 0 0 0 0 0/0 12:28 0:44 0:01
Steve Bernier 1 0 1 0 0 1 1 0 0 0 0/0 12:24 0:00 0:00
Steve McCarthy 0 1 1 2 0 0 1 0 0 3 0/0 20:15 0:00 6:01
Wes O'Neill 0 0 0 1 0 1 0 0 0 0 0/0 17:22 0:06 5:48
3 Stars
1 - Kris Versteeg (Chi)
2 - Jamie Langenbrunner (Chi)
3 - Rene Bourque (Chi)
Power Play
Flyers - 1 on 6 Attempt(s) - 16,67%
Blackhawks - 0 on 3 Attempt(s) - 0,00%
Penalty Kill
Flyers - 3 on 3 Attempt(s) - 100,00%
- Score 0 goal in Penalty Kill
Blackhawks - 5 on 6 Attempt(s) - 83,33%
- Score 0 goal in Penalty Kill
Official
Referees : LaRue Dennis and Hebert Ghislain
Linesman : Tony Sericolo and Mike Cvik
Game Notes
No Game Note
Finance
Level 1 -- Attendance: 5802 (96,70%) -- Ticket Income 510 576 $
Level 2 -- Attendance: 4674 (93,48%) -- Ticket Income 247 722 $
Level 3 -- Attendance: 1685 (84,25%) -- Ticket Income 57 290 $
Level 4 -- Attendance: 3713 (92,83%) -- Ticket Income 81 686 $
Luxury Box -- Attendance: 1000 (100,00%) -- Ticket Income 165 000 $
Game was played at the Chicago Stadium
Total Attendance: 16874 (93,74%)
Total Ticket Income: 1 062 274 $
Other Income: 159 341 $
Total Income: 1 221 615 $
Flyers
5 vs 5 Forward
Center Left Wing Right Wing Time % Phy DF OF
1 Sydney Crosby Derek Boogaard Miroslav Satan 35 1 2 2
2 Paul Gaustad Scottie Upshall Michael Ryder 30 1 2 2
3 Jeff O'Neill Ryane Clowe Pascal Dupuis 30 1 2 2
4 Matthew Lombardi Petr Schastlivy Blair Betts 5 1 2 2
5 vs 5 Defense
Defense Defense Time % Phy DF OF
1 Ladislav Smid Andrei Markov 40 1 2 2
2 Jonathan Ericsson Trevor Daley 30 1 2 2
3 Brett Lebda Scott Hannan 20 1 2 2
4 Jonathan Ericsson Andrei Markov 10 1 2 2
PowerPlay Forward
Center Left Wing Right Wing Time % Phy DF OF
1 Sydney Crosby Derek Boogaard Miroslav Satan 60 1 2 2
2 Paul Gaustad Ryane Clowe Michael Ryder 40 1 2 2
PowerPlay Defense
Defense Defense Time % Phy DF OF
1 Jonathan Ericsson Andrei Markov 60 1 2 2
2 Trevor Daley Brett Lebda 40 1 2 2
Penalty Kill 4 Players Forward
Center Wing Time % Phy DF OF
1 Matthew Lombardi Pascal Dupuis 60 1 2 2
2 Jeff O'Neill Ryane Clowe 40 1 2 2
Penalty Kill 4 Players Defense
Defense Defense Time % Phy DF OF
1 Jonathan Ericsson Ladislav Smid 60 1 2 2
2 Trevor Daley Brett Lebda 40 1 2 2
Penalty Kill - 3 Players Forward
Forward Time % Phy DF OF
1 Matthew Lombardi 60 1 2 2
2 Jeff O'Neill 40 1 2 2
Penalty Kill - 3 Players Defense
Defense Defense Time % Phy DF OF
1 Jonathan Ericsson Ladislav Smid 60 1 2 2
2 Trevor Daley Brett Lebda 40 1 2 2
4 vs 4 Forward
Center Wing Time % Phy DF OF
1 Sydney Crosby Derek Boogaard 60 1 2 2
2 Paul Gaustad Miroslav Satan 40 1 2 2
4 vs 4 Defense
Defense Defense Time % Phy DF OF
1 Jonathan Ericsson Andrei Markov 60 1 2 2
2 Trevor Daley Brett Lebda 40 1 2 2
Last Minutes Offensive
Center Left Wing Right Wing Defense Defense
Sydney Crosby Derek Boogaard Miroslav Satan Jonathan Ericsson Andrei Markov
Last Minutes Defensive
Center Left Wing Right Wing Defense Defense
Matthew Lombardi Derek Boogaard Pascal Dupuis Jonathan Ericsson Ladislav Smid
Goaltenders
Starting : Chris Mason
Backup : Antti Niemi
Extra Forwards
Normal : Jeff O'Neill, Scottie Upshall, Matthew Lombardi - PP : Jeff O'Neill, Scottie Upshall - PK : Matthew Lombardi
Extra Defensemen
Normal : Ladislav Smid, Scott Hannan, Trevor Daley - PP : Ladislav Smid - PK : Scott Hannan, Trevor Daley
Penalty Shots
Sydney Crosby, Derek Boogaard, Paul Gaustad, Miroslav Satan, Jeff O'Neill
Blackhawks
5 vs 5 Forward
Center Left Wing Right Wing Time % Phy DF OF
1 Scott Gomez Kris Versteeg Jamie Langenbrunner 40 1 2 2
2 Robert Nilsson Loui Eriksson Steve Bernier 25 1 2 2
3 Dominic Moore Daniel Carcillo Rene Bourque 25 1 2 2
4 Jarret Stoll Brad Winchester George Parros 10 1 2 2
5 vs 5 Defense
Defense Defense Time % Phy DF OF
1 Brent Burns Johnny Oduya 40 1 2 2
2 Chris Campoli Steve McCarthy 30 1 2 2
3 Wes O'Neill Stephane Robidas 20 1 2 2
4 Brent Burns Johnny Oduya 10 1 2 2
PowerPlay Forward
Center Left Wing Right Wing Time % Phy DF OF
1 Robert Nilsson Kris Versteeg Loui Eriksson 60 1 1 3
2 Scott Gomez Jamie Langenbrunner Rene Bourque 40 1 1 3
PowerPlay Defense
Defense Defense Time % Phy DF OF
1 Brent Burns Johnny Oduya 60 1 1 3
2 Stephane Robidas Chris Campoli 40 1 1 3
Penalty Kill 4 Players Forward
Center Wing Time % Phy DF OF
1 Dominic Moore Jamie Langenbrunner 60 1 4 0
2 Robert Nilsson Daniel Carcillo 40 1 4 0
Penalty Kill 4 Players Defense
Defense Defense Time % Phy DF OF
1 Steve McCarthy Wes O'Neill 60 2 3 0
2 Brent Burns Johnny Oduya 40 2 3 0
Penalty Kill - 3 Players Forward
Forward Time % Phy DF OF
1 Dominic Moore 60 1 4 0
2 Robert Nilsson 40 1 4 0
Penalty Kill - 3 Players Defense
Defense Defense Time % Phy DF OF
1 Steve McCarthy Wes O'Neill 60 2 3 0
2 Brent Burns Johnny Oduya 40 2 3 0
4 vs 4 Forward
Center Wing Time % Phy DF OF
1 Robert Nilsson Kris Versteeg 60 1 2 2
2 Scott Gomez Jamie Langenbrunner 40 1 2 2
4 vs 4 Defense
Defense Defense Time % Phy DF OF
1 Steve McCarthy Johnny Oduya 60 1 2 2
2 Brent Burns Wes O'Neill 40 1 2 2
Last Minutes Offensive
Center Left Wing Right Wing Defense Defense
Robert Nilsson Kris Versteeg Rene Bourque Brent Burns Johnny Oduya
Last Minutes Defensive
Center Left Wing Right Wing Defense Defense
Robert Nilsson Kris Versteeg Jamie Langenbrunner Steve McCarthy Wes O'Neill
Goaltenders
Starting : Roberto Luongo
Backup : Jocelyn Thibault
Extra Forwards
Normal : Rene Bourque, Dominic Moore, Steve Bernier - PP : Steve Bernier, George Parros - PK : Kris Versteeg
Extra Defensemen
Normal : Chris Campoli, Stephane Robidas, Brent Burns - PP : Chris Campoli - PK : Steve McCarthy, Brent Burns
Penalty Shots
Robert Nilsson, Kris Versteeg, Loui Eriksson, Scott Gomez, Rene Bourque
% Time on Ice - Flyers
Lines # - Real PCT - Wanted PCT - Time Play
Normal Forward
1 - 32% - 35% - 14:38
2 - 25% - 30% - 11:20
3 - 26% - 30% - 11:41
4 - 17% - 5% - 7:33
Normal Defense
1 - 41% - 40% - 18:40
2 - 31% - 30% - 14:00
3 - 25% - 20% - 11:22
4 - 3% - 10% - 1:10
PP Forward
1 - 58% - 60% - 5:10
2 - 42% - 40% - 3:41
PP Defense
1 - 48% - 60% - 4:15
2 - 52% - 40% - 4:36
PK Forward
1 - 74% - 60% - 2:15
2 - 26% - 40% - 0:48
PK Defense
1 - 77% - 60% - 2:20
2 - 23% - 40% - 0:43
PK3 Forward
1 - 0% - 60%
2 - 0% - 40%
PK3 Defense
1 - 0% - 60%
2 - 0% - 40%
44 Forward
1 - 94% - 60% - 2:44
2 - 6% - 40% - 0:10
44 Defense
1 - 59% - 60% - 1:43
2 - 41% - 40% - 1:11
Last Minute Offensive - 0:00
Last Minute Defensive - 0:00
Total
Forward - 60:00
Defense - 60:00
|
% Time on Ice - Blackhawks
Lines # - Real PCT - Wanted PCT - Time Play
Normal Forward
1 - 35% - 40% - 15:47
2 - 26% - 25% - 11:56
3 - 22% - 25% - 9:51
4 - 17% - 10% - 7:38
Normal Defense
1 - 40% - 40% - 18:00
2 - 32% - 30% - 14:15
3 - 23% - 20% - 10:12
4 - 6% - 10% - 2:45
PP Forward
1 - 63% - 60% - 1:55
2 - 37% - 40% - 1:08
PP Defense
1 - 73% - 60% - 2:13
2 - 27% - 40% - 0:50
PK Forward
1 - 73% - 60% - 6:27
2 - 27% - 40% - 2:24
PK Defense
1 - 64% - 60% - 5:41
2 - 36% - 40% - 3:10
PK3 Forward
1 - 0% - 60%
2 - 0% - 40%
PK3 Defense
1 - 0% - 60%
2 - 0% - 40%
44 Forward
1 - 86% - 60% - 2:30
2 - 14% - 40% - 0:24
44 Defense
1 - 67% - 60% - 1:57
2 - 33% - 40% - 0:57
Last Minute Offensive - 0:00
Last Minute Defensive - 0:00
Total
Forward - 60:00
Defense - 60:00
|
Play by Play
1st period
0:01 of 1st period - Scott Gomez wins face-off versus Sydney Crosby in neutral zone.
0:10 of 1st period - Andrei Markov is hit by Jamie Langenbrunner.
1:17 of 1st period - Slapshot by Matthew Lombardi.
1:17 of 1st period - Stopped by Roberto Luongo without a rebound.
1:18 of 1st period - Dominic Moore wins face-off versus Sydney Crosby in Blackhawks zone.
1:18 of 1st period - Dominic Moore is hit by Miroslav Satan.
2:05 of 1st period - Snap shot by Michael Ryder.
2:05 of 1st period - Shot Misses the Net.
2:25 of 1st period - Slapshot by Stephane Robidas.
2:25 of 1st period - Goal by Stephane Robidas - Flyers : 0 - Blackhawks : 1.
2:26 of 1st period - Sydney Crosby wins face-off versus Scott Gomez in neutral zone.
3:33 of 1st period - Petr Schastlivy is hit by Jamie Langenbrunner.
3:41 of 1st period - Snap shot by Jamie Langenbrunner.
3:41 of 1st period - Stopped by Chris Mason with a rebound.
4:53 of 1st period - Wrist shot by Robert Nilsson.
4:53 of 1st period - Stopped by Chris Mason with a rebound.
5:09 of 1st period - Johnny Oduya is hit by Ryane Clowe and loses puck.
5:36 of 1st period - Johnny Oduya is hit by Blair Betts and loses puck.
5:48 of 1st period - Wrist shot by Scott Gomez.
5:48 of 1st period - Shot Misses the Net.
5:50 of 1st period - Wrist shot by Scott Gomez.
5:50 of 1st period - Shot Misses the Net.
5:52 of 1st period - Slapshot by Kris Versteeg.
5:52 of 1st period - Goal by Kris Versteeg - Flyers : 0 - Blackhawks : 2.
5:53 of 1st period - Scott Gomez wins face-off versus Sydney Crosby in neutral zone.
6:06 of 1st period - Snap shot by Kris Versteeg.
6:06 of 1st period - Shot Misses the Net.
7:01 of 1st period - Brett Lebda is hit by George Parros and loses puck.
7:14 of 1st period - Wrist shot by George Parros.
7:14 of 1st period - Stopped by Chris Mason with a rebound.
7:16 of 1st period - Snap shot by Brad Winchester.
7:16 of 1st period - Stopped by Chris Mason with a rebound.
7:18 of 1st period - Snap shot by Brad Winchester.
7:18 of 1st period - Shot Blocked by Scottie Upshall.
7:20 of 1st period - Snap shot by George Parros.
7:20 of 1st period - Stopped by Chris Mason without a rebound.
7:21 of 1st period - Jeff O'Neill wins face-off versus Scott Gomez in Flyers zone.
7:46 of 1st period - Miroslav Satan is hit by Steve Bernier and loses puck.
7:53 of 1st period - Steve Bernier is hit by Miroslav Satan and loses puck.
8:47 of 1st period - Wrist shot by George Parros.
8:47 of 1st period - Stopped by Chris Mason without a rebound.
8:48 of 1st period - Jarret Stoll wins face-off versus Sydney Crosby in Flyers zone.
8:53 of 1st period - Snap shot by Sydney Crosby.
8:53 of 1st period - Stopped by Roberto Luongo with a rebound.
8:55 of 1st period - Snap shot by Ladislav Smid.
8:55 of 1st period - Stopped by Roberto Luongo without a rebound.
8:56 of 1st period - Scott Gomez wins face-off versus Sydney Crosby in Blackhawks zone.
9:43 of 1st period - Snap shot by George Parros.
9:43 of 1st period - Stopped by Chris Mason with a rebound.
9:45 of 1st period - Wrist shot by George Parros.
9:45 of 1st period - Deflect By Andrei Markov.
9:45 of 1st period - Shot Blocked by Ladislav Smid.
9:45 of 1st period - Puck is out of play.
9:46 of 1st period - Jarret Stoll wins face-off versus Sydney Crosby in Flyers zone.
9:53 of 1st period - Brad Winchester is hit by Derek Boogaard and loses puck.
10:36 of 1st period - Minor Penalty to Jeff O'Neill for Hooking.
10:37 of 1st period - Robert Nilsson wins face-off versus Matthew Lombardi in Flyers zone.
10:44 of 1st period - Slapshot by Robert Nilsson.
10:44 of 1st period - Shot Misses the Net.
10:46 of 1st period - Slapshot by Johnny Oduya.
10:46 of 1st period - Stopped by Chris Mason with a rebound.
10:48 of 1st period - Slapshot by Brent Burns.
10:48 of 1st period - Stopped by Chris Mason without a rebound.
10:49 of 1st period - Robert Nilsson wins face-off versus Matthew Lombardi in Flyers zone.
11:26 of 1st period - Slapshot by Scott Gomez.
11:26 of 1st period - Shot Misses the Net.
12:36 of 1st period - Penalty to Jeff O'Neill is over, Jeff O'Neill is back on ice.
12:39 of 1st period - Icing by Matthew Lombardi.
12:40 of 1st period - Matthew Lombardi wins face-off versus Jarret Stoll in Flyers zone.
12:55 of 1st period - Wrist shot by Miroslav Satan.
12:55 of 1st period - Deflect By Sydney Crosby.
12:55 of 1st period - Shot Misses the Net.
12:55 of 1st period - Puck is out of play.
12:56 of 1st period - Paul Gaustad wins face-off versus Scott Gomez in Blackhawks zone.
12:57 of 1st period - Snap shot by Scottie Upshall.
12:57 of 1st period - Shot Blocked by Chris Campoli.
13:42 of 1st period - Slapshot by Loui Eriksson.
13:42 of 1st period - Stopped by Chris Mason without a rebound.
13:43 of 1st period - Jeff O'Neill wins face-off versus Robert Nilsson in Flyers zone.
13:54 of 1st period - Wrist shot by Robert Nilsson.
13:54 of 1st period - Shot Blocked by Jeff O'Neill.
14:16 of 1st period - Wrist shot by Loui Eriksson.
14:16 of 1st period - Stopped by Chris Mason with a rebound.
14:18 of 1st period - Wrist shot by Brent Burns.
14:18 of 1st period - Deflect By Pascal Dupuis.
14:18 of 1st period - Stopped by Chris Mason without a rebound.
14:19 of 1st period - Sydney Crosby wins face-off versus Scott Gomez in Flyers zone.
14:40 of 1st period - Minor Penalty to Scott Gomez for High sticking.
14:41 of 1st period - Sydney Crosby wins face-off versus Dominic Moore in Blackhawks zone.
15:34 of 1st period - Off-side.
15:35 of 1st period - Robert Nilsson wins face-off versus Paul Gaustad in neutral zone.
15:58 of 1st period - Snap shot by Daniel Carcillo.
15:58 of 1st period - Shot Blocked by Trevor Daley.
16:40 of 1st period - Penalty to Scott Gomez is over, Scott Gomez is back on ice.
16:56 of 1st period - Snap shot by Matthew Lombardi.
16:56 of 1st period - Shot Blocked by Loui Eriksson.
17:44 of 1st period - Wrist shot by Matthew Lombardi.
17:44 of 1st period - Shot Misses the Net.
17:46 of 1st period - Backhand shot by Blair Betts.
17:46 of 1st period - Shot Misses the Net.
17:48 of 1st period - Slapshot by Matthew Lombardi.
17:48 of 1st period - Deflect By Scott Gomez.
17:48 of 1st period - Stopped by Roberto Luongo with a rebound.
17:54 of 1st period - Minor Penalty to Kris Versteeg for Hooking.
17:55 of 1st period - Dominic Moore wins face-off versus Sydney Crosby in Blackhawks zone.
17:55 of 1st period - Dominic Moore is hit by Derek Boogaard.
18:03 of 1st period - Snap shot by Jamie Langenbrunner.
18:03 of 1st period - Deflect By Dominic Moore.
18:03 of 1st period - Shot Blocked by Miroslav Satan.
18:03 of 1st period - Puck is out of play.
18:04 of 1st period - Jamie Langenbrunner wins face-off versus Derek Boogaard in Flyers zone.
18:19 of 1st period - Dominic Moore is hit by Trevor Daley and loses puck.
18:36 of 1st period - Slapshot by Sydney Crosby.
18:36 of 1st period - Shot Misses the Net.
18:42 of 1st period - Minor Penalty to Brett Lebda for Hooking.
18:43 of 1st period - Sydney Crosby wins face-off versus Robert Nilsson in Flyers zone.
19:36 of 1st period - Miroslav Satan is hit by Steve McCarthy and loses puck.
19:54 of 1st period - Penalty to Kris Versteeg is over, Kris Versteeg is back on ice.
Goals for this period are 0 for Flyers vs 2 for Blackhawks.
Shots for this period are 4 for Flyers vs 14 for Blackhawks.
2nd period
0:01 of 2nd period - Robert Nilsson wins face-off versus Matthew Lombardi in neutral zone.
0:42 of 2nd period - Penalty to Brett Lebda is over, Brett Lebda is back on ice.
1:39 of 2nd period - Ryane Clowe is hit by Dominic Moore and loses puck.
2:08 of 2nd period - Brent Burns is hit by Miroslav Satan.
2:20 of 2nd period - Slapshot by Rene Bourque.
2:20 of 2nd period - Shot Blocked by Trevor Daley.
2:27 of 2nd period - Icing by Jonathan Ericsson.
2:28 of 2nd period - Robert Nilsson wins face-off versus Paul Gaustad in Flyers zone.
2:55 of 2nd period - Slapshot by Jeff O'Neill.
2:55 of 2nd period - Shot Misses the Net.
2:57 of 2nd period - Slapshot by Jeff O'Neill.
2:57 of 2nd period - Shot Misses the Net.
2:59 of 2nd period - Snap shot by Andrei Markov.
2:59 of 2nd period - Stopped by Roberto Luongo with a rebound.
3:01 of 2nd period - Wrist shot by Jeff O'Neill.
3:01 of 2nd period - Stopped by Roberto Luongo without a rebound.
3:02 of 2nd period - Sydney Crosby wins face-off versus Scott Gomez in Blackhawks zone.
3:57 of 2nd period - Snap shot by Robert Nilsson.
3:57 of 2nd period - Shot Misses the Net.
5:24 of 2nd period - Wrist shot by Michael Ryder.
5:24 of 2nd period - Deflect By Paul Gaustad.
5:24 of 2nd period - Stopped by Roberto Luongo with a rebound.
5:26 of 2nd period - Wrist shot by Scottie Upshall.
5:26 of 2nd period - Shot Misses the Net.
5:30 of 2nd period - Wrist shot by Paul Gaustad.
5:30 of 2nd period - Stopped by Roberto Luongo without a rebound.
5:31 of 2nd period - Jeff O'Neill wins face-off versus Scott Gomez in Blackhawks zone.
5:32 of 2nd period - Wrist shot by Ryane Clowe.
5:32 of 2nd period - Stopped by Roberto Luongo without a rebound.
5:33 of 2nd period - Jeff O'Neill wins face-off versus Scott Gomez in Blackhawks zone.
5:34 of 2nd period - Snap shot by Pascal Dupuis.
5:34 of 2nd period - Stopped by Roberto Luongo with a rebound.
5:38 of 2nd period - Wrist shot by Jeff O'Neill.
5:38 of 2nd period - Shot Misses the Net.
5:48 of 2nd period - Wrist shot by Andrei Markov.
5:48 of 2nd period - Shot Blocked by Johnny Oduya.
6:00 of 2nd period - Icing by Paul Gaustad.
6:01 of 2nd period - Dominic Moore wins face-off versus Paul Gaustad in Flyers zone.
6:10 of 2nd period - Snap shot by Scottie Upshall.
6:10 of 2nd period - Stopped by Roberto Luongo without a rebound.
6:11 of 2nd period - Scott Gomez wins face-off versus Sydney Crosby in Blackhawks zone.
7:02 of 2nd period - Slapshot by Matthew Lombardi.
7:02 of 2nd period - Stopped by Roberto Luongo with a rebound.
7:04 of 2nd period - Slapshot by Andrei Markov.
7:04 of 2nd period - Stopped by Roberto Luongo without a rebound.
7:05 of 2nd period - Sydney Crosby wins face-off versus Scott Gomez in Blackhawks zone.
7:20 of 2nd period - Slapshot by Trevor Daley.
7:20 of 2nd period - Shot Misses the Net.
7:30 of 2nd period - Paul Gaustad is hit by Rene Bourque and loses puck.
7:53 of 2nd period - Loui Eriksson is hit by Jeff O'Neill and loses puck.
8:20 of 2nd period - George Parros is hit by Miroslav Satan and loses puck.
8:27 of 2nd period - Brett Lebda is hit by Chris Campoli and loses puck.
8:38 of 2nd period - Snap shot by Brett Lebda.
8:38 of 2nd period - Goal by Brett Lebda - Flyers : 1 - Blackhawks : 2.
8:39 of 2nd period - Scott Gomez wins face-off versus Jeff O'Neill in neutral zone.
9:04 of 2nd period - Brent Burns is hit by Andrei Markov and loses puck.
9:18 of 2nd period - Minor Penalty to Sydney Crosby for Charging.
9:19 of 2nd period - Matthew Lombardi wins face-off versus Loui Eriksson in Flyers zone.
9:34 of 2nd period - Minor Penalty to Loui Eriksson for High sticking.
9:35 of 2nd period - Jeff O'Neill wins face-off versus Robert Nilsson in Blackhawks zone.
10:02 of 2nd period - Kris Versteeg is hit by Derek Boogaard and loses puck.
10:49 of 2nd period - Matthew Lombardi is hit by Rene Bourque and loses puck.
11:06 of 2nd period - Icing by Petr Schastlivy.
11:07 of 2nd period - Kris Versteeg wins face-off versus Jeff O'Neill in Flyers zone.
11:18 of 2nd period - Penalty to Sydney Crosby is over, Sydney Crosby is back on ice.
11:24 of 2nd period - Wrist shot by Sydney Crosby.
11:24 of 2nd period - Goal by Sydney Crosby - Flyers : 2 - Blackhawks : 2.
11:25 of 2nd period - Derek Boogaard wins face-off versus Scott Gomez in neutral zone.
11:27 of 2nd period - Ladislav Smid is hit by Johnny Oduya and loses puck.
11:32 of 2nd period - Snap shot by Sydney Crosby.
11:32 of 2nd period - Deflect By Miroslav Satan.
11:32 of 2nd period - Shot Blocked by Jamie Langenbrunner.
11:32 of 2nd period - Puck is out of play.
11:33 of 2nd period - Scott Gomez wins face-off versus Sydney Crosby in Blackhawks zone.
11:54 of 2nd period - Minor Penalty to Brent Burns for Interference.
11:55 of 2nd period - Sydney Crosby wins face-off versus Dominic Moore in Blackhawks zone.
11:58 of 2nd period - Slapshot by Sydney Crosby.
11:58 of 2nd period - Shot Misses the Net.
12:55 of 2nd period - Dominic Moore is hit by Trevor Daley.
13:39 of 2nd period - Jonathan Ericsson is hit by Daniel Carcillo and loses puck.
13:54 of 2nd period - Penalty to Brent Burns is over, Brent Burns is back on ice.
14:06 of 2nd period - Snap shot by Kris Versteeg.
14:06 of 2nd period - Goal by Kris Versteeg - Flyers : 2 - Blackhawks : 3.
14:07 of 2nd period - Scott Gomez wins face-off versus Jeff O'Neill in neutral zone.
14:17 of 2nd period - Slapshot by Jamie Langenbrunner.
14:17 of 2nd period - Stopped by Chris Mason without a rebound.
14:18 of 2nd period - Paul Gaustad wins face-off versus Scott Gomez in Flyers zone.
14:38 of 2nd period - Icing by Scottie Upshall.
14:39 of 2nd period - Scottie Upshall wins face-off versus Dominic Moore in Flyers zone.
14:56 of 2nd period - Snap shot by Scottie Upshall.
14:56 of 2nd period - Deflect By Rene Bourque.
14:56 of 2nd period - Stopped by Roberto Luongo without a rebound.
14:57 of 2nd period - Sydney Crosby wins face-off versus Scott Gomez in Blackhawks zone.
14:58 of 2nd period - Backhand shot by Derek Boogaard.
14:58 of 2nd period - Stopped by Roberto Luongo with a rebound.
15:00 of 2nd period - Wrist shot by Miroslav Satan.
15:00 of 2nd period - Shot Misses the Net.
15:02 of 2nd period - Snap shot by Derek Boogaard.
15:02 of 2nd period - Shot Misses the Net.
15:04 of 2nd period - Slapshot by Jonathan Ericsson.
15:04 of 2nd period - Deflect By Derek Boogaard.
15:04 of 2nd period - Stopped by Roberto Luongo without a rebound.
15:05 of 2nd period - Sydney Crosby wins face-off versus Kris Versteeg in Blackhawks zone.
15:06 of 2nd period - Snap shot by Miroslav Satan.
15:06 of 2nd period - Shot Misses the Net.
15:08 of 2nd period - Wrist shot by Miroslav Satan.
15:08 of 2nd period - Stopped by Roberto Luongo with a rebound.
15:10 of 2nd period - Backhand shot by Derek Boogaard.
15:10 of 2nd period - Deflect By Jamie Langenbrunner.
15:10 of 2nd period - Stopped by Roberto Luongo with a rebound.
16:32 of 2nd period - Slapshot by Sydney Crosby.
16:32 of 2nd period - Shot Misses the Net.
16:46 of 2nd period - Wrist shot by Sydney Crosby.
16:46 of 2nd period - Stopped by Roberto Luongo with a rebound.
16:48 of 2nd period - Slapshot by Derek Boogaard.
16:48 of 2nd period - Shot Blocked by Johnny Oduya.
16:50 of 2nd period - Wrist shot by Jonathan Ericsson.
16:50 of 2nd period - Stopped by Roberto Luongo with a rebound.
16:54 of 2nd period - Wrist shot by Sydney Crosby.
16:54 of 2nd period - Shot Misses the Net.
17:58 of 2nd period - Wrist shot by Sydney Crosby.
17:58 of 2nd period - Shot Misses the Net.
18:00 of 2nd period - Snap shot by Sydney Crosby.
18:00 of 2nd period - Stopped by Roberto Luongo without a rebound.
18:01 of 2nd period - Scott Gomez wins face-off versus Jeff O'Neill in Blackhawks zone.
18:10 of 2nd period - Slapshot by Chris Campoli.
18:10 of 2nd period - Deflect By Jeff O'Neill.
18:10 of 2nd period - Stopped by Chris Mason without a rebound.
18:11 of 2nd period - Scott Gomez wins face-off versus Jeff O'Neill in Flyers zone.
18:45 of 2nd period - Wrist shot by Pascal Dupuis.
18:45 of 2nd period - Stopped by Roberto Luongo without a rebound.
18:46 of 2nd period - Dominic Moore wins face-off versus Paul Gaustad in Blackhawks zone.
18:46 of 2nd period - Dominic Moore is hit by Michael Ryder.
18:54 of 2nd period - Slapshot by Rene Bourque.
18:54 of 2nd period - Shot Blocked by Scott Hannan.
19:21 of 2nd period - Snap shot by Steve Bernier.
19:21 of 2nd period - Shot Blocked by Matthew Lombardi.
19:23 of 2nd period - Slapshot by Steve Bernier.
19:23 of 2nd period - Shot Misses the Net.
19:25 of 2nd period - Slapshot by Wes O'Neill.
19:25 of 2nd period - Deflect By Loui Eriksson.
19:25 of 2nd period - Stopped by Chris Mason without a rebound.
19:26 of 2nd period - Jeff O'Neill wins face-off versus Scott Gomez in Flyers zone.
19:41 of 2nd period - Snap shot by Ryane Clowe.
19:41 of 2nd period - Stopped by Roberto Luongo without a rebound.
19:42 of 2nd period - Paul Gaustad wins face-off versus Dominic Moore in Blackhawks zone.
19:43 of 2nd period - Slapshot by Michael Ryder.
19:43 of 2nd period - Stopped by Roberto Luongo with a rebound.
Goals for this period are 2 for Flyers vs 1 for Blackhawks.
Shots for this period are 22 for Flyers vs 4 for Blackhawks.
3rd period
0:01 of 3rd period - Jeff O'Neill wins face-off versus Scott Gomez in neutral zone.
0:16 of 3rd period - Snap shot by Andrei Markov.
0:16 of 3rd period - Deflect By Pascal Dupuis.
0:16 of 3rd period - Stopped by Roberto Luongo with a rebound.
0:26 of 3rd period - Ladislav Smid is hit by Robert Nilsson.
1:19 of 3rd period - Icing by Jonathan Ericsson.
1:20 of 3rd period - Scott Gomez wins face-off versus Petr Schastlivy in Flyers zone.
1:21 of 3rd period - Snap shot by Jamie Langenbrunner.
1:21 of 3rd period - Stopped by Chris Mason without a rebound.
1:22 of 3rd period - Scott Gomez wins face-off versus Jeff O'Neill in Flyers zone.
1:23 of 3rd period - Slapshot by Kris Versteeg.
1:23 of 3rd period - Shot Misses the Net.
1:47 of 3rd period - Ladislav Smid is hit by Daniel Carcillo and loses puck.
2:58 of 3rd period - Slapshot by Brent Burns.
2:58 of 3rd period - Stopped by Chris Mason without a rebound.
2:59 of 3rd period - Paul Gaustad wins face-off versus Scott Gomez in Flyers zone.
3:31 of 3rd period - Snap shot by Ryane Clowe.
3:31 of 3rd period - Shot Misses the Net.
3:33 of 3rd period - Slapshot by Andrei Markov.
3:33 of 3rd period - Deflect By Loui Eriksson.
3:33 of 3rd period - Stopped by Roberto Luongo without a rebound.
3:34 of 3rd period - Jeff O'Neill wins face-off versus Dominic Moore in Blackhawks zone.
4:01 of 3rd period - Steve McCarthy is hit by Michael Ryder and loses puck.
4:40 of 3rd period - Blair Betts is hit by Brad Winchester and loses puck.
4:59 of 3rd period - Wrist shot by Rene Bourque.
4:59 of 3rd period - Shot Blocked by Jeff O'Neill.
5:01 of 3rd period - Snap shot by Rene Bourque.
5:01 of 3rd period - Shot Misses the Net.
5:03 of 3rd period - Snap shot by Dominic Moore.
5:03 of 3rd period - Stopped by Chris Mason with a rebound.
5:05 of 3rd period - Snap shot by Dominic Moore.
5:05 of 3rd period - Stopped by Chris Mason with a rebound.
5:07 of 3rd period - Wrist shot by Dominic Moore.
5:07 of 3rd period - Shot Misses the Net.
5:21 of 3rd period - Snap shot by Scottie Upshall.
5:21 of 3rd period - Stopped by Roberto Luongo without a rebound.
5:22 of 3rd period - Scott Gomez wins face-off versus Paul Gaustad in Blackhawks zone.
5:31 of 3rd period - Wrist shot by Kris Versteeg.
5:31 of 3rd period - Stopped by Chris Mason with a rebound.
5:34 of 3rd period - Icing by Scottie Upshall.
5:35 of 3rd period - Scott Gomez wins face-off versus Paul Gaustad in Flyers zone.
5:40 of 3rd period - Wrist shot by Scott Gomez.
5:40 of 3rd period - Shot Misses the Net.
5:46 of 3rd period - Wrist shot by Kris Versteeg.
5:46 of 3rd period - Stopped by Chris Mason with a rebound.
5:48 of 3rd period - Slapshot by Johnny Oduya.
5:48 of 3rd period - Shot Blocked by Paul Gaustad.
5:50 of 3rd period - Snap shot by Kris Versteeg.
5:50 of 3rd period - Stopped by Chris Mason with a rebound.
6:06 of 3rd period - Slapshot by Jeff O'Neill.
6:06 of 3rd period - Stopped by Roberto Luongo with a rebound.
6:08 of 3rd period - Backhand shot by Andrei Markov.
6:08 of 3rd period - Stopped by Roberto Luongo without a rebound.
6:09 of 3rd period - Sydney Crosby wins face-off versus Scott Gomez in Blackhawks zone.
6:22 of 3rd period - Snap shot by Sydney Crosby.
6:22 of 3rd period - Stopped by Roberto Luongo with a rebound.
7:01 of 3rd period - Wrist shot by Daniel Carcillo.
7:01 of 3rd period - Shot Blocked by Paul Gaustad.
7:03 of 3rd period - Slapshot by Daniel Carcillo.
7:03 of 3rd period - Goal by Daniel Carcillo - Flyers : 2 - Blackhawks : 4.
7:04 of 3rd period - Scott Gomez wins face-off versus Jeff O'Neill in neutral zone.
7:53 of 3rd period - Slapshot by Petr Schastlivy.
7:53 of 3rd period - Shot Misses the Net.
8:21 of 3rd period - Snap shot by Robert Nilsson.
8:21 of 3rd period - Shot Misses the Net.
8:23 of 3rd period - Slapshot by Brent Burns.
8:23 of 3rd period - Shot Blocked by Matthew Lombardi.
8:25 of 3rd period - Wrist shot by Robert Nilsson.
8:25 of 3rd period - Stopped by Chris Mason with a rebound.
8:57 of 3rd period - Slapshot by Steve Bernier.
8:57 of 3rd period - Goal by Steve Bernier - Flyers : 2 - Blackhawks : 5.
8:58 of 3rd period - Scott Gomez wins face-off versus Sydney Crosby in neutral zone.
9:21 of 3rd period - Icing by Ladislav Smid.
9:22 of 3rd period - Dominic Moore wins face-off versus Sydney Crosby in Flyers zone.
9:51 of 3rd period - Wrist shot by Ryane Clowe.
9:51 of 3rd period - Stopped by Roberto Luongo with a rebound.
10:14 of 3rd period - Minor Penalty to Chris Campoli for Hooking.
10:15 of 3rd period - Dominic Moore wins face-off versus Sydney Crosby in Blackhawks zone.
10:28 of 3rd period - Snap shot by Miroslav Satan.
10:28 of 3rd period - Stopped by Roberto Luongo without a rebound.
10:29 of 3rd period - Sydney Crosby wins face-off versus Dominic Moore in Blackhawks zone.
10:32 of 3rd period - Wrist shot by Sydney Crosby.
10:32 of 3rd period - Stopped by Roberto Luongo without a rebound.
10:33 of 3rd period - Sydney Crosby wins face-off versus Dominic Moore in Blackhawks zone.
11:00 of 3rd period - Wrist shot by Michael Ryder.
11:00 of 3rd period - Stopped by Roberto Luongo with a rebound.
11:02 of 3rd period - Wrist shot by Ryane Clowe.
11:02 of 3rd period - Stopped by Roberto Luongo with a rebound.
11:04 of 3rd period - Snap shot by Ryane Clowe.
11:04 of 3rd period - Deflect By Michael Ryder.
11:04 of 3rd period - Shot Misses the Net.
11:04 of 3rd period - Puck is out of play.
11:05 of 3rd period - Paul Gaustad wins face-off versus Dominic Moore in Blackhawks zone.
11:47 of 3rd period - Snap shot by Sydney Crosby.
11:47 of 3rd period - Stopped by Roberto Luongo with a rebound.
12:14 of 3rd period - Penalty to Chris Campoli is over, Chris Campoli is back on ice.
12:59 of 3rd period - Blair Betts is hit by Brent Burns.
13:04 of 3rd period - Minor Penalty to Johnny Oduya for Delaying the game.
13:05 of 3rd period - Dominic Moore wins face-off versus Sydney Crosby in Blackhawks zone.
13:17 of 3rd period - Slapshot by Brett Lebda.
13:17 of 3rd period - Deflect By Miroslav Satan.
13:17 of 3rd period - Shot Blocked by Dominic Moore.
13:17 of 3rd period - Puck is out of play.
13:18 of 3rd period - Dominic Moore wins face-off versus Sydney Crosby in Blackhawks zone.
14:10 of 3rd period - Snap shot by Robert Nilsson.
14:10 of 3rd period - Stopped by Chris Mason without a rebound.
14:11 of 3rd period - Robert Nilsson wins face-off versus Sydney Crosby in Flyers zone.
14:44 of 3rd period - Slapshot by Jonathan Ericsson.
14:44 of 3rd period - Deflect By Paul Gaustad.
14:44 of 3rd period - Stopped by Roberto Luongo without a rebound.
14:45 of 3rd period - Robert Nilsson wins face-off versus Paul Gaustad in Blackhawks zone.
15:04 of 3rd period - Penalty to Johnny Oduya is over, Johnny Oduya is back on ice.
15:20 of 3rd period - Wrist shot by Sydney Crosby.
15:20 of 3rd period - Deflect By Derek Boogaard.
15:20 of 3rd period - Goal by Derek Boogaard - Flyers : 3 - Blackhawks : 5.
15:21 of 3rd period - Jeff O'Neill wins face-off versus Dominic Moore in neutral zone.
15:26 of 3rd period - Wrist shot by Pascal Dupuis.
15:26 of 3rd period - Shot Blocked by Rene Bourque.
15:28 of 3rd period - Backhand shot by Ryane Clowe.
15:28 of 3rd period - Shot Misses the Net.
15:30 of 3rd period - Snap shot by Pascal Dupuis.
15:30 of 3rd period - Shot Misses the Net.
15:32 of 3rd period - Slapshot by Ryane Clowe.
15:32 of 3rd period - Shot Misses the Net.
15:34 of 3rd period - Slapshot by Jeff O'Neill.
15:34 of 3rd period - Stopped by Roberto Luongo with a rebound.
15:55 of 3rd period - Wrist shot by Jamie Langenbrunner.
15:55 of 3rd period - Stopped by Chris Mason with a rebound.
15:57 of 3rd period - Slapshot by Johnny Oduya.
15:57 of 3rd period - Deflect By Jamie Langenbrunner.
15:57 of 3rd period - Shot Misses the Net.
15:57 of 3rd period - Puck is out of play.
15:58 of 3rd period - Jeff O'Neill wins face-off versus Scott Gomez in Flyers zone.
16:05 of 3rd period - Snap shot by Scott Gomez.
16:05 of 3rd period - Stopped by Chris Mason with a rebound.
16:07 of 3rd period - Slapshot by Jamie Langenbrunner.
16:07 of 3rd period - Goal by Jamie Langenbrunner - Flyers : 3 - Blackhawks : 6.
16:08 of 3rd period - Paul Gaustad wins face-off versus Scott Gomez in neutral zone.
16:34 of 3rd period - Daniel Carcillo is hit by Jeff O'Neill and loses puck.
17:52 of 3rd period - Wrist shot by Robert Nilsson.
17:52 of 3rd period - Shot Misses the Net.
17:54 of 3rd period - Snap shot by Robert Nilsson.
17:54 of 3rd period - Stopped by Chris Mason with a rebound.
18:14 of 3rd period - Snap shot by Loui Eriksson.
18:14 of 3rd period - Shot Blocked by Petr Schastlivy.
18:30 of 3rd period - Slapshot by Loui Eriksson.
18:30 of 3rd period - Shot Misses the Net.
18:32 of 3rd period - Slapshot by Johnny Oduya.
18:32 of 3rd period - Stopped by Chris Mason without a rebound.
18:33 of 3rd period - Scott Gomez wins face-off versus Paul Gaustad in Flyers zone.
19:07 of 3rd period - Wrist shot by Rene Bourque.
19:07 of 3rd period - Shot Misses the Net.
19:19 of 3rd period - Slapshot by Wes O'Neill.
19:19 of 3rd period - Stopped by Chris Mason with a rebound.
19:21 of 3rd period - Snap shot by Brad Winchester.
19:21 of 3rd period - Shot Misses the Net.
Goals for this period are 1 for Flyers vs 3 for Blackhawks.
Shots for this period are 15 for Flyers vs 17 for Blackhawks.
Output by the SimonT Hockey Simulator (STHS) for François Prévost -- Original Page W3C XHTML 1.0 Valid